 Dungeon Crawl Stone Soup version 0.30-a0-800-g7c544603b3 (webtiles) character file.

Game seed: 3903430737395298708

1800 ryw the Trooper (level 8, -2/55 (60) HPs)
             Began as a Demonspawn Monk on Feb 21, 2023.
             Was a Priest of Hepliaklqana.
             Slain by a wight
             ... wielding a +4 great sword
              (4 damage)
             ... on level 7 of the Dungeon.
             The game lasted 00:10:25 (6587 turns).

ryw the Trooper (Demonspawn Monk)                   Turns: 6587, Time: 00:10:25

HP:   -2/55 (60)    AC: 12    Str: 11    XL:     8   Next: 83%
MP:   8/8           EV: 11    Int: 13    God:    Hepliaklqana [***...]
Gold: 364           SH:  0    Dex: 17    Spells: 7/7 levels left

rFire   . . .      SeeInvis +    b - +4 hand axe (venom)
rCold   + . .      Faith    .    (no shield)
rNeg    . . .      Spirit   .    x - +0 chain mail of the Beggar {Harm rElec rC+}
rPois   .          Reflect  .    (no helmet)
rElec   +          Harm     +    (no cloak)
rCorr   .          Rampage  .    g - +2 pair of gloves
Will    .....                    y - +0 pair of boots Stlth
                                 e - amulet of the acrobat
HPRegen 0.29/turn                n - +5 ring of evasion
MPRegen 0.11/turn                m - ring of see invisible

@: drained
A: reduced essence, demonic guardian 1, ignite blood 1, weakness stinger 1
a: Renounce Religion, Recall Ancestor, Ancestor Identity, Transference


You were on level 7 of the Dungeon.
You worshipped Hepliaklqana.
Hepliaklqana was most pleased with you.
You visited 2 branches of the dungeon, and saw 8 of its levels.

You collected 364 gold pieces.

Inventory:

Hand Weapons
 b - a +4 hand axe of venom (weapon)
 r - a +2 falchion of electrocution
Missiles
 d - 7 boomerangs
 u - 6 javelins (quivered)
Armour
 g - a +2 pair of gloves (worn)
 x - the +0 chain mail of the Beggar (worn) {Harm rElec rC+}
   (You found it on level 5 of the Dungeon)

   rC:        It protects you from cold.
   rElec:     It insulates you from electricity.
   Harm:      It increases damage dealt and taken.
 y - a +0 pair of boots (worn)
Jewellery
 e - an amulet of the acrobat (around neck)
 m - a ring of see invisible (right hand)
 n - a +5 ring of evasion (left hand)
 p - a ring of willpower
 q - the ring "Pimel" {Fly rC++ Int-4}
   (You found it on level 3 of the Dungeon)

   [ring of flight]

   Int:       It affects your intelligence (-4).
   rC:        It greatly protects you from cold.
   Fly:       It grants you flight.
Wands
 j - a wand of quicksilver (9)
Scrolls
 f - 2 scrolls of poison
 i - 6 scrolls of teleportation
 l - a scroll of magic mapping
 s - a scroll of fog
 t - a scroll of enchant armour
 z - a scroll of vulnerability {unknown}
Potions
 a - 2 potions of curing
 c - a potion of mutation
 h - a potion of might
 k - 2 potions of attraction
 o - a potion of flight {unknown}
 v - a potion of heal wounds
 w - a potion of brilliance {unknown}


   Skills:
 + Level 7.0 Fighting
 + Level 4.1 Axes
 + Level 4.5 Throwing
 + Level 6.3 Dodging
 - Level 1.7 Stealth
 - Level 2.6 Unarmed Combat


You had 7 spell levels left.
You didn't know any spells.
Your spell library contained the following spells:

 Spells                   Type           Power      Damage    Failure   Level
 Apportation              Tloc           0%         N/A       100%        1
 Cigotuvi's Dreadful Rot  Necr/Pois/Air  0%         N/A       100%        2
 Ensorcelled Hibernation  Hex/Ice        0%         N/A       100%        2
 Passwall                 Tmut/Erth      0%         N/A       100%        2
 Poisonous Vapours        Pois/Air       0%         N/A       100%        2
 Ignite Poison            Fire/Tmut/Pois 0%         N/A       100%        3
 Kindle Blastsparks       Fire/Tloc/Air  0%         2d10      100%        3
 Mephitic Cloud           Conj/Pois/Air  0%         N/A       100%        3
 Swiftness                Air            0%         N/A       100%        3
 Alistair's Intoxication  Tmut/Pois      0%         N/A       100%        5
 Blade Hands              Tmut           0%         N/A       100%        5
 Freezing Cloud           Conj/Ice/Air   0%         6-21      100%        5
 Irradiate                Conj/Tmut      0%         3d11      100%        5
 Dragon Form              Tmut           0%         N/A       100%        7


Dungeon Overview and Level Annotations

Branches:
Dungeon (7/15)             Temple (1/1) D:6

Altars:
Ashenzari
Cheibriados
Dithmenos
Fedhas
Gozag
Hepliaklqana
Kikubaaqudgha
Makhleb
Nemelex Xobeh
Okawaru
Qazlal
Ru
Sif Muna
Trog
Uskayaw
Vehumet
Wu Jian
Yredelemnul

Shops:
D:2 (


Innate Abilities, Weirdness & Mutations

Your life essence is reduced to manifest your ancestor. (-10% HP)
A weak demonic guardian rushes to your aid.
Your demonic aura sometimes causes spilled blood to erupt in flames.
You have a small tail.


Message History

You barely miss the wight.
The wight is almost destroyed.
The wight barely misses you.
You hit the wight.
You destroy the wight!
Your Fighting skill increases to level 7!
Found a sacrificial altar of Ru.
Milos emerges from the mists of memory!
The wight barely misses Milos.
Milos casts a spell at the wight.
The wight resists with some effort.
The wight closely misses Milos.
Milos hits the wight but does no damage.
You closely miss the wight.
Your tail-slap misses the wight.
The wight is heavily damaged.
The wight hits you with a +4 great sword!
* * * LOW HITPOINT WARNING * * *
A demonic guardian appears!
You feel drained.
* * * LOW HITPOINT WARNING * * *
Milos hits the wight with a +0 dagger of draining.
Milos hits the wight but does no damage.
You completely miss the wight.
The wight is severely damaged.
The wight hits you with a +4 great sword.
* * * LOW HITPOINT WARNING * * *
Milos barely misses the wight.
Milos hits the wight but does no damage.
Your shadow imp hits the wight but does no damage.
You closely miss the wight.
The wight is severely damaged.
The wight closely misses you.
Milos gestures at the wight while chanting.
The wight seems to slow down.
Your shadow imp closely misses the wight.
You hit the wight.
You tail-slap the wight, but do no damage.
The wight is almost destroyed.
Milos hits the wight but does no damage.
The wight hits you with a +4 great sword.
You die...

#.....#....#.....#.
#####.....###..#.....#.
#...###.....#..#.....#. ###
##.... #)....#..#.....'. ....
#.... #.....#..#.....#.
.....##..##+#.....####)....##
.............................
###.._..####z5####...........
...........R@................
.....###+#...................
.... #.....##+#############..
... #.....# #..........### ..
#.....# #..........#.. .
#.....# #..........'..
#.....# ##############
#######


You could see the friendly Milos the hexer, a wight (slow, ally target) and a
friendly shadow imp (summoned).

Vanquished Creatures
  A sky beast (D:7)
  An ice beast (D:5)
  A black bear (D:6)
  A centaur (D:5)
  A phantom (D:5)
  A necrophage (D:5)
  2 scorpions
  5 wights
  5 killer bees (D:6)
  A howler monkey (D:5)
  2 hounds (D:5)
  2 orc priests
  A gnoll bouda (D:5)
  3 jellies
  Jessica (D:3)
  An iguana (D:5)
  3 orc wizards
  3 gnolls (D:4)
  5 adders
  2 white imps
  An ufetubus (D:5)
  A worm (D:3)
  4 dart slugs
  23 orcs
  6 endoplasms
  7 giant cockroaches
  4 goblins
  4 hobgoblins
  6 jackals
  6 kobolds
  2 quokkas
  3 ball pythons
  4 bats
  2 frilled lizards
  6 rats
121 creatures vanquished.

Vanquished Creatures (collateral kills)
  A killer bee (D:6)
  A jelly (D:4)
  An adder (D:2)
  5 orcs
  A kobold (D:4)
9 creatures vanquished.

Vanquished Creatures (others)
  2 hexers (D:7)
2 creatures vanquished.

Grand Total: 132 creatures vanquished

Notes
Turn   | Place    | Note
-------+----------+-------------------------------------------
     0 | D:1      | ryw the Demonspawn Monk began the quest for the Orb.
     0 | D:1      | Reached XP level 1. HP: 18/18 MP: 1/1
   263 | D:1      | Gained mutation: Your demonic aura sometimes causes spilled
                  | blood to erupt in flames. [demonic ancestry]
   263 | D:1      | Reached XP level 2. HP: 19/24 MP: 2/2
   856 | D:2      | Gained mutation: A weak demonic guardian rushes to your
                  | aid. [demonic ancestry]
   856 | D:2      | Reached XP level 3. HP: 20/29 MP: 3/3
  1071 | D:2      | Found Piru's Weapon Emporium.
  1687 | D:3      | Reached skill level 4 in Fighting
  1730 | D:2      | HP: 1/30 [quokka (2)]
  2119 | D:3      | Reached XP level 4. HP: 23/37 MP: 4/4
  2532 | D:3      | Noticed Jessica
  2536 | D:3      | Killed Jessica
  2537 | D:3      | Reached XP level 5. HP: 43/43 MP: 5/5
  2631 | D:3      | Identified the ring "Pimel" {Fly rC++ Int-4}
  2847 | D:4      | Reached skill level 1 in Axes
  3226 | D:4      | HP: 2/43 [acid (5)]
  3267 | D:5      | Entered Level 5 of the Dungeon
  3339 | D:4      | Reached skill level 1 in Throwing
  3535 | D:4      | Found an ancient bone altar of Kikubaaqudgha.
  3659 | D:5      | Reached XP level 6. HP: 50/50 MP: 6/6
  3886 | D:5      | Reached skill level 5 in Fighting
  3913 | D:5      | Identified the +0 chain mail of the Beggar {Harm rElec rC+}
  4489 | D:5      | Gained mutation: You have a small tail. [demonic ancestry]
  4489 | D:5      | Reached XP level 7. HP: 54/56 MP: 7/7
  4542 | D:5      | Reached skill level 5 in Dodging
  4739 | D:5      | Found an iron altar of Okawaru.
  4962 | D:6      | Reached skill level 6 in Fighting
  5152 | D:6      | Reached XP level 8. HP: 59/63 MP: 8/8
  5279 | D:6      | Found a basalt altar of Yredelemnul.
  5286 | D:6      | Found a broken altar of Ashenzari.
  5288 | D:6      | Found a snail-covered altar of Cheibriados.
  5331 | D:6      | Found a staircase to the Ecumenical Temple.
  5453 | Temple   | Entered the Ecumenical Temple
  5651 | Temple   | Became a worshipper of Hepliaklqana the Forgotten
  5651 | Temple   | Reached * piety under Hepliaklqana
  5651 | Temple   | Reached ** piety under Hepliaklqana
  5652 | Temple   | Remembered your ancestor Milos as a hexer
  5759 | D:6      | Found an ornate altar of the Wu Jian Council.
  6005 | D:7      | Noticed an Executioner
  6006 | D:7      | Found a burning altar of Makhleb.
  6010 | D:7      | Noticed an angel
  6313 | D:7      | Reached *** piety under Hepliaklqana
  6557 | D:7      | Reached skill level 7 in Fighting
  6559 | D:7      | Found a sacrificial altar of Ru.
  6585 | D:7      | HP: 2/55 [wight/+4 great sword (7)]
  6587 | D:7      | Slain by a wight

Illustrated notes

Levels and vault maps discovered:
D:1:      scummos_arrival_star, layout_loops_ring,
          ebering_dispersal_statue_hall, minmay_misc_feat_ornament,
          minmay_misc_feat_hallway, amethyst_killhole
D:2:      layout_basic, serial_shops, nicolae_shop_statue_plus
D:3:      layout_loops_cross, uniq_jessica
D:4:      layout_loops_ring, nicolae_kikubaaqudgha_miasma_corner,
          guppyfry_early_lair_pool
D:5:      minmay_angry_zag, layout_rooms, general_overflow_altar,
          hangedman_decor_lopped
D:6:      layout_rooms, grunt_temple_overflow_open,
          minmay_temple_entry_glassed_door, wad_floor_pattern_1
D:7:      layout_gridville, grunt_temple_overflow_order_and_chaos_2,
          mainiacjoe_overflow_boulevard
Temple:   chequers_temple_sunken

Skill      XL: |  1  2  3  4  5  6  7  8 |
---------------+-------------------------+-----
Dodging        | 3 4 5 6 |  6.3
Fighting       | 4 5 6 7 |  7.0
Axes           | 1 2 3 4 |  4.1
Throwing       | 1 2 3 4 |  4.5
Stealth        | |  1.7
Unarmed Combat | |  2.6

Action                     |  1- 3 |  4- 6 |  7- 9 || total
---------------------------+-------+-------+-------++-------
  Melee: Unarmed           |   144 |    11 |       ||   155
         Punch             |     4 |     1 |     2 ||     7
         Hand axe          |       |   116 |   146 ||   262
         Tailslap          |       |       |    21 ||    21
 Invoke: Ancestor Life: He |       |       |     1 ||     1
    Use: Potion            |       |     3 |       ||     3
         Scroll            |       |     2 |    11 ||    13
   Stab: Sleeping          |     7 |     5 |       ||    12
         Distracted        |       |       |     2 ||     2
         Confused          |       |       |     1 ||     1
 Armour: Robe              |    25 |     6 |       ||    31
         Chain mail        |       |     5 |    60 ||    65
  Dodge: Dodged            |    95 |   122 |   120 ||   337

Table legend: (Time is in decaauts)
 A = Elapsed time spent in this place.
 B = Non-inter-level travel time spent in this place.
 C = Inter-level travel time spent in this place.
 D = Time resting spent in this place.
 E = Time spent auto-exploring this place.
 F = Levels seen in this place.
 G = Mean time per level.
                   A        B        C        D        E       F      G
               +--------+--------+--------+--------+--------+-----+--------+
         Total |   6677 |   6398 |    279 |   1159 |   3948 |   8 |  834.6 |
       Dungeon |   6408 |   6155 |    253 |   1159 |   3721 |   7 |  915.4 |
        Temple |    269 |    243 |     26 |      0 |    227 |   1 |  269.0 |
               +--------+--------+--------+--------+--------+-----+--------+

Top non-repeatable levels by time:
     D:5: 1257 daAuts
     D:2: 1027 daAuts
     D:4: 1017 daAuts
     D:3: 1001 daAuts
     D:1: 784 daAuts
     D:7: 671 daAuts
     D:6: 648 daAuts
  Temple: 269 daAuts
